 Dungeon Crawl Stone Soup version 0.29.1-15-g9cfb28693d (webtiles) character file.

Game seed: 3929544611159138041

21 Labrat the Digger (level 3, 0/25 (26) HPs)
             Began as a Meteoran Earth Elementalist on Sept 2, 2023.
             Slain by Terence
             ... wielding the +7 Throatcutter {drain, coup de grace}
              (9 damage)
             ... on level 2 of the Dungeon.
             The game lasted 00:03:37 (478 turns).

Labrat the Digger (Meteoran Earth Elementalist)      Turns: 478, Time: 00:03:37

HP:   0/25 (26)     AC:  2    Str: 10    XL:     3   Next: 17%
MP:   5/8           EV: 12    Int: 18    God:
Gold: 52            SH:  0    Dex: 14    Spells: 5/8 levels left

rFire   . . .      SeeInvis .   (no weapon)
rCold   . . .      Faith    .   (no shield)
rNeg    . . .      Spirit   .   a - +0 robe
rPois   .          Reflect  .   (no helmet)
rElec   .          Harm     .   (no cloak)
rCorr   .          Rampage  .   (no gloves)
Will    .....                   (no boots)
Stlth   +.........              (no amulet)
HPRegen 0.08/turn               (no ring)
MPRegen 0.11/turn               (no ring)

@: glowing, lightly drained
A: sense surroundings 1, otherworldly, glowing, explore regen
a: no special abilities


You were on level 2 of the Dungeon.
You visited 1 branch of the dungeon, and saw 2 of its levels.

You collected 52 gold pieces.

Inventory:

Armour
 a - a +0 robe (worn)
Scrolls
 c - a scroll of poison {unknown}
 e - a scroll of identify {unknown}
Potions
 b - a potion of magic
 d - a potion of haste {unknown}
 f - a potion of heal wounds {unknown}


   Skills:
 - Level 2.4 Dodging
 - Level 1.4 Stealth
 + Level 3.2 Spellcasting
 + Level 2.1 Transmutations
 + Level 4.0 Earth Magic


You had 5 spell levels left.
You knew the following spells:

 Your Spells              Type           Power      Damage    Failure   Level
a - Sandblast             Erth           34%        2d9       3%          1
b - Passwall              Tmut/Erth      11%        N/A       7%          2

Your spell library contained the following spells:

 Spells                   Type           Power      Damage    Failure   Level
 Stone Arrow              Conj/Erth      20%        3d8       21%         3
 Petrify                  Tmut/Erth      14%        N/A       41%         4


Dungeon Overview and Level Annotations

Branches:
Dungeon (2/15) Zot: 713

Altars:

Annotations:
D:2 Terence


Innate Abilities, Weirdness & Mutations

You passively map a small area around you.
You are easily found by Zot.
You glow in the dark.
You regain HP and MP as you explore.


Message History

Casting: Passwall (safe; 7% risk of failure)
Confirm with . or Enter, or press ? or * to list all spells.
Aiming: Passwall (safe; 7% risk of failure)
Press: ? - help, Dir - move target A rock wall.
You begin to meditate on the wall.
You continue meditating on the rock. x2
You finish merging with the rock.
There is an escape hatch in the floor here.
You slide downwards.
The hatch slams shut behind you.
Magic restored.
Casting: Passwall (safe; 7% risk of failure)
Confirm with . or Enter, or press ? or * to list all spells.
Aiming: Sandblast (safe; 3% risk of failure)
Press: ? - help, Shift-Dir - straight line, f - Terence
Aim: Terence, wielding the +7 Throatcutter {drain, coup de grace} and wearing a +0 chain mail (asleep, 100% to hit)
The blast of sand hits Terence.
Terence is moderately wounded.
Terence shouts!
You hear an angry hiss.
The bat hits you but does no damage.
Casting: Sandblast (safe; 3% risk of failure)
Confirm with . or Enter, or press ? or * to list all spells.
Aiming: Sandblast (safe; 3% risk of failure)
Press: ? - help, Shift-Dir - straight line, f/p - Terence
Aim: Terence, wielding the +7 Throatcutter {drain, coup de grace} and wearing a +0 chain mail (moderately wounded, 87% to hit)
The blast of sand hits Terence but does no damage.
Terence is moderately wounded.
The bat closely misses you.
A ball python comes into view.
Terence closely misses you.
Casting: Sandblast (safe; 3% risk of failure)
Confirm with . or Enter, or press ? or * to list all spells.
Aiming: Sandblast (safe; 3% risk of failure)
Press: ? - help, Shift-Dir - straight line, f/p - Terence
Aim: Terence, wielding the +7 Throatcutter {drain, coup de grace} and wearing a +0 chain mail (moderately wounded, 87% to hit)
The blast of sand hits Terence!
Terence is severely wounded.
The bat closely misses you. The bat barely misses you.
Terence hits you with the +7 Throatcutter {drain, coup de grace}!
You feel drained.
Terence hits you with the +7 Throatcutter {drain, coup de grace}!
You die...

, , , #.., , , *#... ,
###...# , * ....... , *
,, .....#.** **#
##....... * *
########.....###S......#
,
.........##....b@@.....#
, ##.######
####.........# ##....##
*.....#.....## ,
####..## #.....,......#
, #....# #.....,......#
####.##.####.##. ......#
.>##.##..##..### .....##
, ..##.##.....# ....## ,
.....#..[.### ,,


You could see Terence, a bat and a ball python.

Vanquished Creatures
  An adder (D:2)
  A bat (D:2)
  2 endoplasms
  A giant cockroach (D:2)
  3 hobgoblins (D:1)
  A ball python (D:1)
  2 rats
11 creatures vanquished.

Notes
Turn   | Place    | Note
-------+----------+-------------------------------------------
     0 | D:1      | Labrat the Meteoran Earth Elementalist began the quest for
                  | the Orb.
     0 | D:1      | Reached XP level 1. HP: 14/14 MP: 5/5
    46 | D:2      | Reached skill level 4 in Earth Magic
    46 | D:2      | Reached XP level 2. HP: 4/20 MP: 0/7
    49 | D:2      | HP: 1/20 [rat (1)]
   147 | D:1      | Learned a level 2 spell: Passwall
   351 | D:1      | Reached XP level 3. HP: 26/26 MP: 6/8
   475 | D:2      | Noticed Terence
   478 | D:2      | Slain by Terence

Illustrated notes

Levels and vault maps discovered:
D:1:      nicolae_arrival_memento_mori, layout_basic
D:2:      layout_rooms, mrwooster_statue_mirror, uniq_terence

Skill      XL: |  1  2 |
---------------+-------+-----
Spellcasting   | 3 |  3.2
Earth Magic    | 4 |  4.0
Transmutations | 2 |  2.1
Dodging        | |  2.4
Stealth        | |  1.4

Action                   || total
-------------------------++-------
 Cast: Sandblast         ||    17
       Passwall          ||     7
Armor: Robe              ||     2
Dodge: Dodged            ||     7
